 Dungeon Crawl Stone Soup version 0.29.1-2-gbd0b4ee654 (webtiles) character file.

Game seed: 16039321446745590900

685860 Ychaviel the Invulnerable (level 27, -10/158 (273) HPs)
             Began as a Minotaur Fighter on Oct 29, 2022.
             Was the Champion of Jiyva.
             Killed from afar by a war gargoyle (33 damage)
             ... with a spray of metal splinters
             ... on level 4 of the Iron City of Dis.
             The game lasted 04:23:27 (57324 turns).

Ychaviel the Invulnerable (Minotaur Fighter)       Turns: 57324, Time: 04:23:28

HP:   -10/158 (273) AC: 21    Str: 33      XL:     27
MP:   22/22         EV: 25    Int:  5      God:    Jiyva [******]
Gold: 4100          SH: 32    Dex: 13 (14) Spells: 26/26 levels left

rFire   . . .      SeeInvis .   a - +9 eveningstar (protect)
rCold   + . .      Faith    .   m - +5 tower shield
rNeg    . . .      Spirit   .   X - +4 storm dragon scales {Bai Suzhen}
rPois   +          Reflect  .   J - +2 hat {Stlth+}
rElec   +          Harm     .   G - +4 dragonskin cloak
rCorr   +          Rampage  .   (no gloves)
rMut    +                       (boots unavailable)
Will    ++...                   h - amulet of Vitality {RegenMP++ Regen++}
Stlth   ..........              o - ring of Mirth {rPois EV+4 Slay+2}
HPRegen 3.56/turn               A - ring "Leoh" {rC+ Str+2 Slay+2}
MPRegen 1.48/turn

@: studying 2 skills, very heavily drained, corroded
A: horns 2, retaliatory headbutt, talons 3, large bone plates 1, mutation
resistance 3, poison resistance, wild magic 2, pseudopods 3, translucent skin 1,
jelly sensing items
}: 5/15 runes: barnacled, slimy, silver, abyssal, gossamer
a: Renounce Religion, Oozemancy, Slimify


You were on level 4 of the Iron City of Dis.
You worshipped Jiyva.
Jiyva was exalted by your worship.
You visited 15 branches of the dungeon, and saw 63 of its levels.
You visited the Abyss 1 time.
You visited 1 bazaar.
You also visited: Gauntlet.

You collected 4859 gold pieces.
You spent 759 gold pieces at shops.

Inventory:

Hand Weapons
 a - a +9 eveningstar of protection (weapon)
 c - a +3 spectral demon whip
 d - a +3 demon whip of protection
 f - a +1 demon whip
Missiles
 k - 10 throwing nets
 C - 46 boomerangs (quivered)
 W - 6 silver boomerangs
Armour
 b - +0 gold dragon scales
 l - a +2 pair of boots
 m - a +5 tower shield (worn)
 r - a +0 pair of gloves
 G - the +4 dragonskin cloak (worn)
   (You took it off Tiamat on level 3 of the Realm of Zot)

   It grants the wearer a chance to resist fire, cold, poison, electricity,
   acid, and negative energy.
 J - a +2 hat of stealth (worn)
 X - +4 storm dragon scales (worn) {Bai Suzhen}
Jewellery
 g - the ring of the Marlin {rPois Slay+2}
   (You took it off a deep elf death mage on level 3 of the Elven Halls)

   [ring of poison resistance]

   Slay:      It affects your accuracy & damage with ranged weapons and melee
   (+2).
   rPois:     It protects you from poison.
 h - the amulet of Vitality (around neck) {RegenMP++ Regen++}
   (You found it on level 5 of the Vaults)

   [amulet of magic regeneration]

   It increases your rate of magic regeneration.
   Regen:     It increases your rate of health regeneration.
 o - the ring of Mirth (left hand) {rPois EV+4 Slay+2}
   (You acquired it on level 5 of the Lair of Beasts)

   [ring of evasion]

   EV:        It affects your evasion (+4).
   Slay:      It affects your accuracy & damage with ranged weapons and melee
   (+2).
   rPois:     It protects you from poison.
 p - a ring of flight
 s - the ring of Hamud {rC+ rCorr}
   (You found it on level 3 of the Lair of Beasts)

   [ring of protection from cold]

   rC:        It protects you from cold.
   rCorr:     It protects you from acid and corrosion.
 t - the ring of the Moon {Drain rElec rN+ rCorr Dex+4}
   (You found it on level 3 of the Crypt)

   [ring of positive energy]

   Dex:       It affects your dexterity (+4).
   rElec:     It insulates you from electricity.
   rN:        It protects you from negative energy.
   rCorr:     It protects you from acid and corrosion.
   Drain:     It drains your maximum health when unequipped.
 w - the ring "Lucokudgh" {+Blink rF+ EV+4 SInv}
   (You acquired it on level 10 of the Dungeon)

   [ring of evasion]

   EV:        It affects your evasion (+4).
   rF:        It protects you from fire.
   SInv:      It lets you see invisible.
   +Blink:    It lets you blink.
 x - the ring of Rag Ipe {Ice Str+4}
   (You found it on level 3 of the Elven Halls)

   [ring of ice]

   It enhances your ice magic.
   Str:       It affects your strength (+4).
   rF:        It makes you vulnerable to fire.
   rC:        It protects you from cold.
 y - a ring of the Octopus King {HP+2 AC+2 EV+2 SH+2 SInv}
   (You bought it in a shop on level 4 of the Shoals)

   [ring of see invisible]

   AC:        It affects your AC (+2).
   EV:        It affects your evasion (+2).
   HP:        It affects your health (+2).
   SInv:      It lets you see invisible.
   SH:        It affects your SH (+2).
 A - the ring "Leoh" (right hand) {rC+ Str+2 Slay+2}
   (You took it off a vault warden on level 5 of the Vaults)

   [ring of protection from cold]

   Str:       It affects your strength (+2).
   Slay:      It affects your accuracy & damage with ranged weapons and melee
   (+2).
   rC:        It protects you from cold.
 D - the ring "Qesuhes" {rC+ rN+ MP-9 Dex+3}
   (You took it off a deep elf annihilator on level 3 of the Elven Halls)

   [ring of protection from cold]

   Dex:       It affects your dexterity (+3).
   rC:        It protects you from cold.
   rN:        It protects you from negative energy.
   MP:        It affects your magic capacity (-9).
 R - the amulet of Zyggom {rElec rF+ Regen+ Dex+3}
   (You found it in a Gauntlet)

   [amulet of regeneration]

   Dex:       It affects your dexterity (+3).
   rF:        It protects you from fire.
   rElec:     It insulates you from electricity.
   Regen:     It increases your rate of health regeneration.
 T - the ring of Gozag, Glimmering {rN+ Int+4 Dex+3 SInv}
   (You took it off a mummy priest on level 3 of the Crypt)

   [ring of positive energy]

   Int:       It affects your intelligence (+4).
   Dex:       It affects your dexterity (+3).
   rN:        It protects you from negative energy.
   SInv:      It lets you see invisible.
 U - the ring of Jyoker {rC+ rCorr Dex+6}
   (You found it on level 14 of the Dungeon)

   [ring of dexterity]

   Dex:       It affects your dexterity (+6).
   rC:        It protects you from cold.
   rCorr:     It protects you from acid and corrosion.
Wands
 u - a wand of flame (136)
 K - a wand of mindburst (33)
 Q - a wand of roots (19)
 Y - a wand of digging (14)
Scrolls
 i - 7 scrolls of teleportation
 j - a scroll of silence
 n - 2 scrolls of magic mapping
 q - a scroll of blinking
 B - 4 scrolls of summoning
 F - 4 scrolls of butterflies
 M - 5 scrolls of amnesia
 P - 3 scrolls of fear
Potions
 e - a potion of invisibility
 v - 3 potions of curing
 z - a potion of heal wounds
 E - a potion of resistance
 I - 4 potions of ambrosia
 L - 4 potions of cancellation
 N - 4 potions of flight
 O - 4 potions of magic
 S - 3 potions of berserk rage
 V - 2 potions of might
Miscellaneous
 H - the horn of Geryon


   Skills:
 O Level 27 Fighting
 * Level 24.0 Maces & Flails
 - Level 7.3 Throwing
 O Level 27 Armour
 O Level 27 Dodging
 + Level 24.4 Shields
 - Level 14.6 Evocations


You had 26 spell levels left.
You didn't know any spells.
Your spell library contained the following spells:

 Spells                   Type           Power      Damage    Failure   Level
 Apportation              Tloc           0%         N/A       90%         1
 Beastly Appendage        Tmut           0%         N/A       90%         1
 Magic Dart               Conj           0%         1d3       90%         1
 Necrotise                Necr           0%         1d4       90%         1
 Shock                    Conj/Air       0%         1d3       90%         1
 Ensorcelled Hibernation  Hex/Ice        0%         N/A       96%         2
 Passwall                 Tmut/Erth      0%         N/A       96%         2
 Searing Ray              Conj           0%         2d4       96%         2
 Sublimation of Blood     Necr           0%         N/A       96%         2
 Wereblood                Tmut           0%         N/A       96%         2
 Call Canine Familiar     Summ           0%         N/A       99%         3
 Confusing Touch          Hex            0%         N/A       99%         3
 Conjure Flame            Conj/Fire      0%         6-21      99%         3
 Dazzling Flash           Conj/Hex       0%         N/A       99%         3
 Gell's Gravitas          Tloc           0%         N/A       99%         3
 Ignite Poison            Fire/Tmut/Pois 0%         N/A       99%         3
 Inner Flame              Hex/Fire       0%         N/A       99%         3
 Mephitic Cloud           Conj/Pois/Air  0%         N/A       99%         3
 Ozocubu's Armour         Ice            0%         N/A       99%         3
 Portal Projectile        Hex/Tloc       0%         N/A       99%         3
 Spider Form              Tmut/Pois      0%         N/A       99%         3
 Swiftness                Air            0%         N/A       99%         3
 Teleport Other           Tloc           0%         N/A       99%         3
 Tukima's Dance           Hex            0%         N/A       99%         3
 Vampiric Draining        Necr           0%         2d6       99%         3
 Anguish                  Hex/Necr       0%         N/A       100%        4
 Animate Dead             Necr           0%         N/A       100%        4
 Cause Fear               Hex            0%         N/A       100%        4
 Corpse Rot               Necr/Pois/Air  0%         N/A       100%        4
 Dispel Undead            Necr           0%         3d6       100%        4
 Fulminant Prism          Conj/Hex       0%         3d6       100%        4
 Hailstorm                Conj/Ice       0%         3d3       100%        4
 Iskenderun's Mystic Bla  Conj/Tloc      0%         2d3       100%        4
 Leda's Liquefaction      Hex/Erth       0%         N/A       100%        4
 Passage of Golubria      Tloc           0%         N/A       100%        4
 Petrify                  Tmut/Erth      0%         N/A       100%        4
 Sticky Flame             Conj/Fire      0%         2d3       100%        4
 Agony                    Necr           0%         N/A       100%        5
 Alistair's Intoxication  Tmut/Pois      0%         N/A       100%        5
 Blade Hands              Tmut           0%         N/A       100%        5
 Fireball                 Conj/Fire      0%         3d3       100%        5
 Freezing Cloud           Conj/Ice/Air   0%         6-21      100%        5
 Irradiate                Conj/Tmut      0%         3d11      100%        5
 Iskenderun's Battlesphe  Conj           0%         2d6       100%        5
 Lee's Rapid Deconstruct  Erth           0%         3d5*      100%        5
 Metabolic Englaciation   Hex/Ice        0%         N/A       100%        5
 Silence                  Hex/Air        0%         N/A       100%        5
 Yara's Violent Unravell  Hex/Tmut       0%         3d3       100%        5
 Conjure Ball Lightning   Conj/Air       0%         3x3d6     100%        6
 Death Channel            Necr           0%         N/A       100%        6
 Dispersal                Tloc           0%         N/A       100%        6
 Iron Shot                Conj/Erth      0%         9d1       100%        6
 Starburst                Conj/Fire      0%         6d3       100%        6
 Statue Form              Tmut/Erth      0%         N/A       100%        6
 Dragon Form              Tmut           0%         N/A       100%        7
 Enfeeble                 Hex            0%         N/A       100%        7
 Haunt                    Necr/Summ      0%         N/A       100%        7
 Malign Gateway           Summ/Tloc      0%         N/A       100%        7
 Orb of Destruction       Conj           0%         9d5       100%        7
 Ozocubu's Refrigeration  Ice            0%         4d7       100%        7
 Spellforged Servitor     Conj/Summ      0%         N/A       100%        7
 Discord                  Hex            0%         N/A       100%        8
 Ignition                 Fire           0%         3d3       100%        8
 Infestation              Necr           0%         N/A       100%        8
 Summon Horrible Things   Summ           0%         N/A       100%        8
 Chain Lightning          Conj/Air       0%         N/A       100%        9
 Dragon's Call            Summ           0%         N/A       100%        9
 Fire Storm               Conj/Fire      0%         5d1       100%        9
 Polar Vortex             Ice            0%         N/A       100%        9
 Shatter                  Erth           0%         3d5*      100%        9


Dungeon Overview and Level Annotations

Branches:
Dungeon (15/15)            Temple (1/1) D:4            Lair (5/5) D:11
 Shoals (4/4) Lair:3       Spider (4/4) Lair:2        Slime (5/5) Lair:4
    Orc (2/2) D:9             Elf (3/3) Orc:2        Vaults (5/5) D:14
  Crypt (3/3) Vaults:2       Tomb (1/3) Crypt:3      Depths (4/4) D:15
   Hell (visited)             Dis (6/7) Hell            Geh (0/7) Hell
    Coc (0/7) Hell            Tar (0/7) Hell            Zot (5/5) Depths:4
Gauntlet (visited)

Altars:
Ashenzari
Cheibriados
Dithmenos
Elyvilon
Fedhas
Gozag
Hepliaklqana
Kikubaaqudgha
Makhleb
Nemelex Xobeh
Okawaru
Qazlal
Ru
Sif Muna
Trog
Uskayaw
Vehumet
Wu Jian
Xom
Yredelemnul
Zin
The Shining One
Jiyva

Shops:
D:2 ?   D:6 *[   Orc:2 (?(!   Elf:3 =   Shoals:4 *   Vaults:2 (:*   Vaults:3 =
Vaults:5 =

Portals:
Hell: Depths:1 Depths:2 Depths:3 Depths:4
Abyss: Depths:3 Depths:4
Pandemonium: Depths:1 Depths:2 Depths:3
Ziggurat: Depths:2
Trove: D:11 (give +6 demon whip)

Annotations:
Slime:5 Royal Jelly


Innate Abilities, Weirdness & Mutations

You have a pair of horns on your head.
You reflexively headbutt those who attack you in melee.
You have claws for feet.
You are partially covered in large bone plates. (SH +4)
You are almost entirely resistant to further mutation and mutation removal.
Your system is resistant to poisons. (rPois)
Your spells are harder to cast, but more powerful.
Armour fits poorly on your massive pseudopods.
Your translucent skin slightly reduces your foes' accuracy. (Stealth+)
You have a small jelly attached to you that senses nearby items.


Message History

You block the quicksilver elemental's attack.
The war gargoyle attacks as you move away!
You block the war gargoyle's attack.
The quicksilver elemental breathes dispelling energy at you.
The bolt of dispelling energy misses you.
You block the war gargoyle's attack.
Unknown command.
You block the quicksilver elemental's attack.
You bludgeon the quicksilver elemental!!
Your kick misses the quicksilver elemental.
You headbutt the quicksilver elemental.
Your bludgeon misses the quicksilver elemental.
The quicksilver elemental is severely damaged.
You block the quicksilver elemental's attack.
You block the war gargoyle's attack.
The war gargoyle attacks as you move away!
The war gargoyle hits you with a +0 morningstar!
You block the quicksilver elemental's attack.
You block the war gargoyle's attack.
The quicksilver elemental breathes dispelling energy at you.
The bolt of dispelling energy misses you.
The war gargoyle attacks as you move away!
You block the war gargoyle's attack.
The quicksilver elemental breathes dispelling energy at you.
The bolt of dispelling energy hits you!!
* * * LOW HITPOINT WARNING * * *
You open the door.
The war gargoyle launches metal splinters at you.
The spray of metal splinters misses you.
The quicksilver elemental breathes dispelling energy at you.
The bolt of dispelling energy hits you!!
* * * LOW HITPOINT WARNING * * *
You block the war gargoyle's attack.
Jiyva gurgles merrily.
There is an open door here.
Unknown command.
You hear a distant slurping noise.
The war gargoyle launches metal splinters at you.
The spray of metal splinters hits you!!
You die...

###### +....#
#....# #..@.#
##9####
#9...####+
##........#
#....E....#
##.........#
#..........##
##...........#
+.....∩......#


You could see an iron golem and a war gargoyle (catching breath).

Vanquished Creatures
  2 dread liches (Vaults:5)
  Tiamat (Zot:3)
  An ancient lich (Abyss:3)
  Mara (Vaults:3)
  2 juggernauts
  Sojobo (Crypt:2)
  7 royal mummies (Tomb:1)
  2 Killer Klowns (Zot:4)
  Margery (Vaults:4)
  12 caustic shrikes
  Boris (Vaults:5)
  Saint Roka (Crypt:1)
  Bai Suzhen (Vaults:2)
  2 curse toes
  Geryon (Hell)
  13 golden dragons
  3 bone dragons
  The ghost of Zoalos the Devastator, a veteran GrEE of Lugonu (Crypt:2)
  A profane servitor (Crypt:3)
  The ghost of Fetsak the Slayer, an adept MiBe of Trog (Depths:3)
  Arachne (Spider:2)
  A Tzitzimitl (Zot:4)
  2 iron giants
  Jorgrun (D:15)
  3 doom hounds (Zot:4)
  2 electric golems (Zot:1)
  18 tentacled monstrosities
  A walking crystal tome (Depths:3)
  A walking earthen tome (Depths:2)
  4 Hell Sentinels
  Rupert (D:9)
  3 liches
  7 titans
  Grunn (Zot:4)
  5 quicksilver dragons
  A deep elf master archer (Elf:3)
  2 walking divine tomes (Depths:3)
  3 deep elf blademasters
  2 walking frostbound tomes (Depths:3)
  24 ancient champions
  4 tentacled starspawn
  8 death cobs
  18 sphinxes
  A kraken (Shoals:3)
  11 shadow dragons
  14 storm dragons
  The ghost of Icepheonix32 the Carver, an adept MiFi of Okawaru (Depths:1)
  9 tengu reavers
  5 draconian knights
  17 fire giants
  4 iron dragons
  7 revenants
  3 draconian monks
  16 frost giants
  The ghost of Koqothrijo the Cleaver, a journeyman HOMo of Nemelex Xobeh (D:14)
  3 emperor scorpions
  The ghost of Jingleheimer the Fighter, an adept VSFi of Wu Jian (Spider:3)
  4 quicksilver elementals
  8 deep elf sorcerers
  29 vault wardens
  13 draconian scorchers
  3 draconian stormcallers (Zot:3)
  7 ghost moths
  2 draconian shifters (Zot:4)
  18 ironbound preservers
  5 orc warlords
  6 deep elf elementalists (Elf:3)
  2 curse skulls
  Louise (Shoals:4)
  2 balrugs
  4 reapers
  6 ghouls
  A broodmother (Spider:3)
  22 stone giants
  13 war gargoyles
  26 very ugly things
  A draconian annihilator (Zot:3)
  3 juggernaut skeletons
  8 black draconians
  3 vampire knights
  4 ironbound thunderhulks
  A putrid mouth (Zot:4)
  2 entropy weavers
  8 deep elf demonologists
  7 deep elf annihilators
  11 yellow draconians
  Azrael (Orc:2)
  9 purple draconians
  A minotaur (Gauntlet)
  2 lorocyprocas (Hell)
  2 bennus (Tomb:1)
  16 green draconians
  6 red draconians
  6 dire elephants (Vaults:2)
  5 white draconians
  4 blizzard demons
  19 spark wasps
  7 deep elf death magi
  4 eidola
  5 mummy priests
  6 merfolk javelineers
  A spectral kraken (Shoals:4)
  17 ettins
  8 fire dragons
  Josephine (D:9)
  9 merfolk impalers
  13 yaktaur captains
  6 deep elf high priests
  14 jiangshi
  7 hydras
  9 iron golems
  2 spriggan zombies
  38 vault guards
  6 boulder beetles
  4 rakshasas
  A kraken zombie (Hell)
  2 peacekeepers
  3 ghost crabs (Shoals:4)
  14 ice dragons
  2 ogre magi
  9 spriggan air magi
  14 two-headed ogres
  Erica (Lair:1)
  6 centaur warriors
  9 ironbound frosthearts
  2 radroaches (Spider:1)
  2 alligator snapping turtles
  5 merfolk aquamancers
  32 dancing weapons
  7 jorogumos
  2 death knights
  10 death yaks
  9 tengu warriors
  A satyr (Shoals:3)
  5 deep troll shamans
  5 death scarabs (Tomb:1)
  19 deep troll earth magi
  8 vampire magi
  9 spriggan berserkers
  3 orc high priests (Orc:2)
  Urug (Orc:2)
  3 thrashing horrors
  2 titan skeletons
  4 hell hogs (Hell)
  21 deep elf knights
  7 soul eaters
  2 crystal echidnas (Dis:3)
  22 hell knights
  10 iron trolls
  2 wretched stars
  A fire crab (Gauntlet)
  A fire crab (shapeshifter) (Elf:3)
  7 sun demons
  A sixfirhy (Abyss:3)
  44 skeletal warriors
  Amaemon (Lair:1)
  9 shadow wraiths
  8 pharaoh ants
  A goliath frog (Lair:5)
  A sun moth (Spider:3)
  3 sea snakes
  A deep troll (shapeshifter) (Vaults:5)
  A bog body (Crypt:2)
  An anaconda zombie (Hell)
  51 deep trolls
  7 steelbarb worms
  A golden dragon skeleton (Depths:1)
  6 flayed ghosts
  9 orb spiders
  3 shadow demons
  17 ironbound convokers
  A kraken simulacrum (Shoals:4)
  24 lindwurms
  5 wizards
  16 deep elf archers
  13 phantasmal warriors
  20 harpies
  2 shadow dragon zombies
  21 orc knights
  38 ugly things
  9 necromancers
  36 deep elf zephyrmancers
  A human zombie (Vaults:2)
  17 manticores
  8 fauns
  27 deep elf pyromancers
  An eleionoma zombie (Crypt:2)
  A sphinx zombie (Crypt:1)
  8 cyclopes
  14 wolf spiders
  8 orc sorcerers
  A worldbinder (Abyss:3)
  27 moths of wrath
  12 oklob plants
  A centaur zombie (Crypt:3)
  4 merfolk sirens
  A stone giant skeleton (Crypt:2)
  A sphinx skeleton (Vaults:2)
  6 rust devils
  22 vault sentinels
  A gargoyle (D:14)
  23 elephants
  2 black mambas (shapeshifter) (D:13)
  An apocalypse crab (Abyss:2)
  2 ice statues (Hell)
  6 torpor snails
  4 black mambas
  3 water nymphs
  5 demonic crawlers
  A shock serpent zombie (Crypt:1)
  An alligator snapping turtle zombie (Crypt:1)
  5 hellions
  A storm dragon simulacrum (Crypt:3)
  4 orange demons
  14 cane toads
  10 smoke demons
  4 large abominations
  A spectral sea snake (Shoals:4)
  3 kobold demonologists (D:12)
  5 komodo dragons
  36 yaktaurs
  4 rime drakes
  6 freezing wraiths
  An unseen horror (D:12)
  A yaktaur (shapeshifter) (Vaults:2)
  3 tormentors
  An ice devil (Gauntlet)
  2 iron troll zombies (Crypt:2)
  3 efreet
  2 anaconda simulacra
  An ancient zyme (Abyss:3)
  16 guardian mummies
  5 tengu conjurers
  3 hellwings
  A yaktaur skeleton (Vaults:2)
  A silent spectre (Abyss:3)
  2 hydra zombies (Hell)
  A spriggan skeleton (D:15)
  A spectral merfolk (Shoals:4)
  7 trolls
  A death drake zombie (Crypt:1)
  3 meliai (Spider:3)
  4 tyrant leeches (Lair:5)
  23 merfolk
  A shadow dragon simulacrum (Abyss:2)
  33 tarantellas
  2 hornets
  24 raiju
  3 wind drakes (Shoals:4)
  3 polar bears
  18 blink frogs
  2 hydra skeletons (Hell)
  5 snapping turtles
  4 dream sheep (Lair:5)
  2 spectral wind drakes (Shoals:4)
  23 starcursed masses
  A radroach zombie (Crypt:3)
  22 jumping spiders
  3 air elementals
  A centaur simulacrum (Crypt:3)
  11 flying skulls
  2 ettin skeletons
  An ice dragon skeleton (Crypt:1)
  4 ynoxinuls
  An alligator skeleton (Hell)
  4 ushabtiu
  5 water elementals
  28 yaks
  18 culicivoras
  8 wraiths
  4 wyverns
  A chaos spawn (Depths:2)
  5 shadows
  4 fire bats (Gauntlet)
  7 neqoxecs
  A vampire (D:12)
  2 steam dragons
  7 fire elementals
  5 basilisks
  5 vampire mosquitoes (Lair:5)
  45 redbacks
  A sea snake simulacrum (Hell)
  Menkaure (D:6)
  2 glowing shapeshifter zombies
  4 wargs
  4 acid dragons
  A two-headed ogre zombie (D:9)
  8 small abominations
  A glowing shapeshifter skeleton (Crypt:3)
  10 water moccasins
  2 spectral snapping turtles (Shoals:4)
  7 hell hounds
  A demonspawn skeleton (Crypt:2)
  2 sky beasts
  24 orc warriors
  A black bear (D:4)
  A snapping turtle zombie (Crypt:3)
  A boggart (Depths:1)
  8 ogres
  15 wolves
  6 centaurs
  3 phantoms
  19 bullfrogs
  5 necrophages
  2 gnoll sergeants
  3 scorpions
  3 earth elementals
  9 wights
  7 killer bees
  2 troll zombies (D:9)
  5 electric eels
  2 howler monkeys
  A bullfrog zombie (Crypt:3)
  7 quasits
  2 hounds
  A gnoll bouda (D:6)
  3 jellies
  26 orc priests
  A basilisk zombie (Crypt:3)
  3 iguanas (D:5)
  An iron imp (Abyss:2)
  13 orc wizards
  2 lightning spires (Gauntlet)
  4 hell rats (Lair:5)
  An ice beast zombie (Crypt:1)
  5 ogre zombies (D:9)
  6 mummies
  10 gnolls
  11 adders
  6 white imps
  4 ufetubi
  A worm (D:3)
  3 dart slugs
  73 orcs
  9 ball pythons
  8 endoplasms
  3 giant cockroaches (D:4)
  12 goblins
  9 hobgoblins
  13 jackals
  3 quokkas
  4 bats
  A butterfly zombie (Crypt:1)
  A dart slug zombie (Crypt:3)
  4 frilled lizards
  3 goblin zombies (D:9)
  2 hobgoblin skeletons (D:9)
  3 hobgoblin zombies (D:9)
  15 kobolds
  4 orc skeletons (D:9)
  14 orc zombies
  4 rats
  A rat skeleton (Crypt:3)
  2 butterflies (D:5)
  A fire vortex (Hell)
  3 starspawn tentacles (Abyss:2)
  7 tentacles
2491 creatures vanquished.

Vanquished Creatures (collateral kills)
  A royal mummy (Tomb:1)
  A Tzitzimitl (Zot:4)
  A ghost moth (Spider:4)
  3 orb spiders
  2 tormentors
  A jumping spider (Spider:4)
  An ushabti (Tomb:1)
  A small abomination (Abyss:3)
  A warg zombie (Crypt:2)
12 creatures vanquished.

Vanquished Creatures (others)
  An ancient lich (Vaults:5)
  2 liches
  A fire giant (Depths:2)
  3 ironbound preservers
  A spark wasp (shapeshifter) (Depths:3)
  3 great orbs of eyes
  A deep elf death mage (Crypt:3)
  A fire dragon (Depths:3)
  A yaktaur captain (Vaults:1)
  2 vault guards
  A boulder beetle (shapeshifter) (Vaults:5)
  A hell knight (Vaults:4)
  A sixfirhy (Depths:1)
  A deep elf knight (Elf:3)
  An iron troll (Depths:1)
  4 deep trolls
  6 glowing orange brains
  2 deep elf archers
  2 ironbound convokers
  A deep elf zephyrmancer (Elf:3)
  4 ugly things (Depths:1)
  A harpy (Shoals:3)
  3 lindwurms (Vaults:1)
  4 deep elf pyromancers
  2 cyclopes (shapeshifter)
  2 vault sentinels
  6 yaktaurs
  34 slime creatures
  A raiju (Abyss:3)
  A snapping turtle (Shoals:4)
  A spriggan (shapeshifter) (Vaults:5)
  A water elemental (Elf:2)
  A fire elemental (Orc:2)
  A redback (Spider:2)
  A floating eye (Depths:3)
  A two-headed ogre skeleton (Crypt:3)
  A naga simulacrum (Crypt:3)
  A bullfrog (Lair:5)
  An electric eel (Spider:2)
  A small abomination (Abyss:3)
  An orc priest (Crypt:1)
  261 jellies
  A bullfrog skeleton (Crypt:3)
  4 orc wizards (Orc:2)
  2 orcs (Orc:2)
  A bush (Zot:4)
  40 fungi
  A lurking horror (Abyss:3)
  239 plants
  16 starspawn tentacles
  11 tentacles
  14 withered plants
695 creatures vanquished.

Grand Total: 3198 creatures vanquished

Notes
Turn   | Place    | Note
-------+----------+-------------------------------------------
     0 | D:1      | Ychaviel the Minotaur Fighter began the quest for the Orb.
     0 | D:1      | Reached XP level 1. HP: 19/19 MP: 0/0
    99 | D:1      | Reached XP level 2. HP: 25/27 MP: 1/1
   193 | D:1      | Reached skill level 1 in Dodging
   349 | D:1      | Found a faded altar of an unknown god.
   373 | D:1      | Reached XP level 3. HP: 33/33 MP: 2/2
   843 | D:2      | Found Ceskep's Magic Scroll Boutique.
  1110 | D:2      | Reached XP level 4. HP: 40/40 MP: 3/3
  1641 | D:2      | Bought a scroll of enchant weapon for 90 gold pieces
  1796 | D:3      | Identified the +1 chain mail of Yredelemnul, Keeping {rPois
                  | rF+ rC- Str+10}
  1848 | D:3      | Reached XP level 5. HP: 27/47 MP: 4/4
  2483 | D:3      | Found a snail-covered altar of Cheibriados.
  2567 | D:2      | Bought a scroll of enchant weapon for 90 gold pieces
  2752 | D:4      | Found a bloodstained altar of Trog.
  2850 | D:4      | Found a staircase to the Ecumenical Temple.
  2850 | D:4      | Noticed a phantom
  2867 | D:4      | Killed a phantom
  2868 | D:4      | Reached XP level 6. HP: 53/53 MP: 5/5
  2870 | D:4      | Reached skill level 5 in Maces & Flails
  2958 | D:4      | Identified the +1 quarterstaff "Beysk" {elec, rPois rF-
                  | Will- Str+2 Dex+4}
  3073 | D:4      | Reached skill level 5 in Fighting
  3073 | D:4      | Reached skill level 5 in Shields
  3079 | D:4      | Found a hide-covered altar of Uskayaw.
  3092 | D:4      | Reached skill level 5 in Armour
  3278 | D:4      | Reached XP level 7. HP: 30/61 MP: 6/6
  3471 | D:4      | Noticed a wyvern
  3497 | D:4      | Killed a wyvern
  3742 | D:5      | Entered Level 5 of the Dungeon
  3763 | D:5      | Found a shimmering altar of Xom.
  3970 | D:5      | Found an opulent altar of Gozag.
  4133 | D:5      | Reached XP level 8. HP: 70/70 MP: 7/7
  4569 | Temple   | Entered the Ecumenical Temple
  4879 | D:6      | Found Pavik's Fire Supplies.
  5021 | D:6      | Found Otunacs's Antique Armour Emporium.
  5026 | D:6      | Bought a glowing hat for 168 gold pieces
  5309 | D:6      | Noticed Menkaure
  5315 | D:6      | Killed Menkaure
  5705 | D:6      | Reached skill level 5 in Dodging
  6166 | D:7      | Found an iron altar of Okawaru.
  6238 | D:7      | Reached XP level 9. HP: 62/79 MP: 8/8
  6544 | D:7      | Found a basalt altar of Yredelemnul.
  6779 | D:7      | Found a shimmering blue altar of Sif Muna.
  7317 | D:8      | Reached skill level 10 in Maces & Flails
  7401 | D:8      | Found a radiant altar of Vehumet.
  7596 | D:9      | Found a staircase to the Orcish Mines.
  7624 | D:9      | Reached XP level 10. HP: 90/90 MP: 9/9
  8464 | D:9      | Paralysed by a hornet for 2 turns
  8698 | D:10     | Entered Level 10 of the Dungeon
  8800 | D:10     | Identified a scroll of acquirement
  8800 | D:10     | Acquired the ring "Lucokudgh" {+Blink rF+ EV+4 SInv}
  8834 | D:10     | Noticed a centaur warrior
  8851 | D:10     | Killed a centaur warrior
  8968 | D:10     | Noticed a two-headed ogre
  8975 | D:10     | Killed a two-headed ogre
  9005 | D:10     | Found a white marble altar of Elyvilon.
  9006 | D:10     | Found a hazy altar of Hepliaklqana.
  9008 | D:10     | Found an ornate altar of the Wu Jian Council.
  9008 | D:10     | Found a stormy altar of Qazlal.
  9149 | D:10     | You fall into a shaft and drop 2 floors!
  9161 | D:12     | Reached skill level 10 in Armour
  9188 | D:12     | Noticed a boulder beetle
  9197 | D:12     | Noticed a deep elf pyromancer
  9216 | D:12     | Reached XP level 11. HP: 93/99 MP: 10/10
  9223 | D:12     | Reached skill level 10 in Fighting
  9253 | D:12     | Killed a deep elf pyromancer
  9371 | D:12     | Killed a boulder beetle
  9515 | D:12     | Noticed an ogre mage
  9517 | D:12     | Noticed a two-headed ogre
  9529 | D:12     | Noticed a two-headed ogre
  9530 | D:12     | Noticed a two-headed ogre
  9756 | D:10     | Found a burning altar of Makhleb.
 10007 | D:11     | Found a staircase to the Lair.
 10008 | D:11     | Noticed a death yak
 10011 | D:11     | Noticed a death yak
 10015 | D:11     | Noticed a death yak
 10020 | D:11     | Noticed a death yak
 10021 | D:11     | Noticed a death yak
 10040 | D:11     | Killed a death yak
 10055 | D:11     | Killed a death yak
 10066 | D:11     | Killed a death yak
 10079 | D:11     | Killed a death yak
 10091 | D:11     | Killed a death yak
 10170 | D:11     | Noticed a two-headed ogre
 10179 | D:11     | Killed a two-headed ogre
 10453 | D:11     | Noticed a seven-headed hydra
 10460 | D:11     | Killed a seven-headed hydra
 10980 | D:11     | Found a portal to a secret trove of treasure.
 11064 | Orc:1    | Entered Level 1 of the Orcish Mines
 11064 | Orc:1    | Noticed Josephine
 11089 | D:9      | Reached skill level 10 in Dodging
 11165 | D:9      | Reached XP level 12. HP: 110/110 MP: 11/11
 11175 | D:9      | Killed Josephine
 11302 | Orc:1    | Noticed an orc warlord
 11340 | D:9      | Killed an orc warlord
 11865 | Orc:2    | Entered Level 2 of the Orcish Mines
 11921 | Orc:2    | Noticed Azrael
 11924 | Orc:2    | Noticed Urug
 11925 | Orc:2    | Noticed an orc high priest
 11926 | Orc:2    | Noticed an orc high priest
 12205 | Orc:2    | Noticed Rupert
 12622 | Orc:1    | Paralysed by Rupert for 3 turns
 12648 | D:9      | HP: 4/112 [Rupert/+1 great mace of protection (36)]
 13049 | D:12     | Noticed a two-headed ogre
 13073 | D:12     | Killed a two-headed ogre
 13077 | D:12     | Killed a two-headed ogre
 13082 | D:12     | Killed an ogre mage
 13086 | D:12     | Noticed a two-headed ogre
 13089 | D:12     | Killed a two-headed ogre
 13094 | D:12     | Killed a two-headed ogre
 13096 | D:12     | Killed a two-headed ogre
 13510 | D:13     | Noticed a centaur warrior
 13518 | D:13     | Killed a centaur warrior
 13519 | D:13     | Reached skill level 10 in Shields
 13538 | D:13     | Noticed a boulder beetle
 13555 | D:13     | Killed a boulder beetle
 13608 | D:13     | Noticed a centaur warrior
 13622 | D:13     | Killed a centaur warrior
 13623 | D:13     | Reached XP level 13. HP: 99/119 MP: 12/12
 13847 | D:13     | Identified the +4 rapier "Watrypao" {drain, rElec}
 13927 | D:13     | Found a gate leading to a gauntlet.
 13944 | Gauntlet | Entered a Gauntlet
 13944 | Gauntlet | Found a transporter.
 13944 | Gauntlet | Found a transporter.
 13944 | Gauntlet | Found a transporter.
 13945 | Gauntlet | Found a transporter.
 13948 | Gauntlet | Found a transporter.
 13948 | Gauntlet | Found a transporter.
 13958 | Gauntlet | Found a transporter.
 13962 | Gauntlet | Found a transporter.
 13974 | Gauntlet | Found a transporter.
 14077 | Gauntlet | Found a transporter.
 14078 | Gauntlet | Found a transporter.
 14087 | Gauntlet | Found a transporter.
 14145 | Gauntlet | Found a transporter.
 14153 | Gauntlet | Found a transporter.
 14175 | Gauntlet | Found a transporter.
 14190 | Gauntlet | Found a transporter.
 14202 | Gauntlet | Found a transporter.
 14291 | Gauntlet | Found a transporter.
 14356 | Gauntlet | Identified the amulet of Zyggom {rElec rF+ Regen+ Dex+3}
 14399 | Gauntlet | Found a transporter.
 14407 | Gauntlet | Identified the +3 quarterstaff of Grontol {freeze, Int+4}
 14407 | Gauntlet | Noticed a minotaur
 14418 | Gauntlet | Killed a minotaur
 15317 | D:14     | Found a transporter.
 15320 | D:14     | Noticed Koqothrijo's ghost (journeyman HOMo)
 15395 | D:14     | Noticed an ironbound preserver
 15397 | D:14     | Found a gate to the Vaults.
 15413 | D:14     | Killed an ironbound preserver
 15659 | D:14     | Found a transporter.
 15761 | D:14     | Gained mutation: Your spells are a little easier to cast,
                  | but a little less powerful. [a neqoxec]
 15764 | D:14     | Gained mutation: Your mind is acute. (Int +4, Str/Dex -1)
                  | [a neqoxec]
 15766 | D:14     | Lost mutation: Your spells are a little easier to cast, but
                  | a little less powerful. [a neqoxec]
 15766 | D:14     | Gained mutation: You occasionally lose the ability to read
                  | scrolls when taking damage. [a neqoxec]
 15799 | D:14     | Killed Koqothrijo's ghost
 15813 | D:14     | Got the ring of Jyoker {rC+ rCorr Dex+6}
 15963 | Lair:1   | Entered Level 1 of the Lair of Beasts
 15993 | Lair:1   | Noticed Erica
 16001 | Lair:1   | Killed Erica
 16005 | Lair:1   | Noticed Amaemon
 16014 | Lair:1   | Killed Amaemon
 16233 | Lair:1   | Reached XP level 14. HP: 128/131 MP: 13/13
 16699 | Lair:2   | Identified the +3 falchion of Kooruk {elec, Contam rF++}
 16979 | Lair:2   | Identified the +1 ring mail of Watchfulness {Regen+ Slay+2}
 17200 | Lair:2   | Found a hole to the Spider Nest.
 17374 | Lair:3   | Identified the ring of Hamud {rC+ rCorr}
 17548 | Lair:3   | Found a staircase to the Shoals.
 18760 | Lair:4   | Found a staircase to the Slime Pits.
 18760 | Lair:4   | Found a viscous altar of Jiyva.
 19097 | Lair:4   | Became a worshipper of Jiyva Josue the Shapeless
 19111 | Lair:5   | Entered Level 5 of the Lair of Beasts
 19165 | Lair:5   | Reached skill level 15 in Maces & Flails
 19245 | Lair:5   | Acquired the ring of Mirth {rPois EV+4 Slay+2}
 19482 | Lair:5   | Reached skill level 15 in Armour
 19527 | Lair:5   | Reached * piety under Jiyva
 19596 | Lair:5   | Reached skill level 15 in Fighting
 19615 | Lair:5   | Reached XP level 15. HP: 122/141 MP: 14/14
 19701 | Lair:5   | Lost mutation: You occasionally lose the ability to read
                  | scrolls when taking damage. [potion of mutation]
 19701 | Lair:5   | Lost mutation: Your mind is acute. (Int +4, Str/Dex -1)
                  | [potion of mutation]
 19701 | Lair:5   | Gained mutation: You have sharp toenails. [potion of
                  | mutation]
 19701 | Lair:5   | Gained mutation: Your flesh is heat resistant. (rF+)
                  | [potion of mutation]
 19702 | Lair:5   | Lost mutation: You have sharp toenails. [potion of
                  | mutation]
 19702 | Lair:5   | Lost mutation: Your flesh is heat resistant. (rF+) [potion
                  | of mutation]
 19702 | Lair:5   | Gained mutation: Your body sometimes deteriorates upon
                  | taking damage. [potion of mutation]
 19702 | Lair:5   | Gained mutation: You are robust. (+10% HP) [potion of
                  | mutation]
 19867 | Lair:5   | Reached ** piety under Jiyva
 20197 | Slime:1  | Entered Level 1 of the Pits of Slime
 20268 | Slime:1  | Noticed an acid blob
 20279 | Slime:1  | Noticed an acid blob
 20279 | Slime:1  | Noticed an acid blob
 20300 | Slime:1  | Noticed an azure jelly
 20380 | Slime:1  | Noticed an acid blob
 20486 | Slime:2  | Noticed an acid blob
 20677 | Slime:3  | Noticed an acid blob
 20683 | Slime:3  | Noticed a rockslime
 20853 | Slime:3  | Noticed an acid blob
 20890 | Slime:4  | Noticed an acid blob
 20892 | Slime:4  | Noticed an azure jelly
 21000 | Slime:4  | Noticed a rockslime
 21020 | Slime:4  | Noticed an acid blob
 21230 | Slime:5  | Entered Level 5 of the Pits of Slime
 21256 | Slime:5  | Noticed an acid blob
 21260 | Slime:5  | Noticed the Royal Jelly
 21284 | Slime:5  | Noticed an acid blob
 21296 | Slime:5  | Noticed a rockslime
 21325 | Slime:5  | Noticed an acid blob
 21362 | Slime:5  | Noticed an azure jelly
 21377 | Slime:5  | Noticed a rockslime
 21419 | Slime:5  | Found a viscous altar of Jiyva.
 21459 | Slime:5  | Noticed an acid blob
 21745 | Spider:1 | Entered Level 1 of the Spider Nest
 22167 | Spider:1 | Reached *** piety under Jiyva
 22217 | Spider:1 | Gained mutation: You expend magic power (3 MP) to
                  | strengthen your wands. [Jiyva's grace]
 22217 | Spider:1 | Gained mutation: Your system is resistant to poisons.
                  | (rPois) [Jiyva's grace]
 22217 | Spider:1 | Gained mutation: You are covered in slimy tendrils that may
                  | disarm your opponents. [Jiyva's grace]
 22217 | Spider:1 | Gained mutation: Your melee attacks may engulf your foes in
                  | ooze. [Jiyva's grace]
 22627 | Spider:2 | Noticed Arachne
 22649 | Spider:2 | Killed Arachne
 22710 | Spider:2 | Noticed an emperor scorpion
 22723 | Spider:2 | Killed an emperor scorpion
 23157 | Spider:3 | Reached **** piety under Jiyva
 23315 | Spider:3 | Lost mutation: You are robust. (+10% HP) [Jiyva's grace]
 23315 | Spider:3 | Gained mutation: You have sharp toenails. [Jiyva's grace]
 23315 | Spider:3 | Gained mutation: You have razor-sharp toenails. [Jiyva's
                  | grace]
 23315 | Spider:3 | Gained mutation: You have claws for feet. [Jiyva's grace]
 23315 | Spider:3 | Gained mutation: Your natural rate of healing is unusually
                  | fast. [Jiyva's grace]
 23385 | Spider:3 | Reached ***** piety under Jiyva
 23403 | Spider:3 | Found a runed translucent door.
 23403 | Spider:3 | Noticed Jingleheimer's ghost (adept VSFi)
 23669 | Spider:3 | Reached skill level 15 in Shields
 23686 | Spider:3 | Reached XP level 16. HP: 151/151 MP: 15/15
 24032 | Spider:3 | Killed Jingleheimer's ghost
 24071 | Spider:4 | Entered Level 4 of the Spider Nest
 24084 | Spider:3 | Reached skill level 1 in Throwing
 24230 | Spider:4 | Reached skill level 15 in Dodging
 24695 | Spider:4 | Reached skill level 5 in Throwing
 24888 | Spider:4 | Got a gossamer rune of Zot
 25500 | Shoals:1 | Entered Level 1 of the Shoals
 25500 | Shoals:1 | Gained mutation: You are somewhat resistant to further
                  | mutation. [Jiyva's grace]
 25500 | Shoals:1 | Gained mutation: You are somewhat resistant to both further
                  | mutation and mutation removal. [Jiyva's grace]
 25500 | Shoals:1 | Gained mutation: You are almost entirely resistant to
                  | further mutation and mutation removal. [Jiyva's grace]
 25500 | Shoals:1 | Gained mutation: You are agile. (Dex +4, Str/Int -1)
                  | [Jiyva's grace]
 25924 | Shoals:1 | Reached XP level 17. HP: 154/162 MP: 16/16
 26445 | Shoals:3 | Reached ****** piety under Jiyva
 26937 | Shoals:3 | Noticed a kraken
 26949 | Shoals:3 | Killed a kraken
 27478 | Shoals:4 | Entered Level 4 of the Shoals
 27478 | Shoals:4 | Found Giqag's Assorted Antiques.
 27487 | Shoals:4 | Noticed Louise
 27499 | Shoals:4 | Killed Louise
 27515 | Shoals:4 | Lost mutation: You have claws for feet. [Jiyva's grace]
 27515 | Shoals:4 | Lost mutation: You are agile. (Dex +4, Str/Int -1) [Jiyva's
                  | grace]
 27515 | Shoals:4 | Lost mutation: Your body sometimes deteriorates upon taking
                  | damage. [Jiyva's grace]
 27515 | Shoals:4 | Lost mutation: You are almost entirely resistant to further
                  | mutation and mutation removal. [Jiyva's grace]
 27515 | Shoals:4 | Gained mutation: You possess an exceptional clarity of
                  | mind. [Jiyva's grace]
 27515 | Shoals:4 | Gained mutation: Your translucent skin slightly reduces
                  | your foes' accuracy. (Stealth+) [Jiyva's grace]
 27515 | Shoals:4 | Gained mutation: Your translucent skin reduces your foes'
                  | accuracy. (Stealth+) [Jiyva's grace]
 27515 | Shoals:4 | Gained mutation: Your transparent skin significantly
                  | reduces your foes' accuracy. (Stealth+) [Jiyva's grace]
 27527 | Shoals:4 | Bought a ring of the Octopus King for 185 gold pieces
 27527 | Shoals:4 | Found the ring of the Octopus King {HP+2 AC+2 EV+2 SH+2
                  | SInv}
 27527 | Shoals:4 | Found the ring of the Octopus King {HP+2 AC+2 EV+2 SH+2
                  | SInv}
 28160 | Shoals:4 | Got a barnacled rune of Zot
 28218 | Shoals:4 | Identified the +2 trident "Eklaagar" {venom, Dex+4}
 28708 | Slime:5  | Identified the amulet "Rywaiwk" {Faith Fly}
 28730 | Slime:5  | Got the Volume of the Blizzard
 28746 | Slime:5  | Got a slimy rune of Zot
 28748 | Slime:5  | Got Ziggakel's Octavo of Formation
 28759 | Slime:5  | Identified the +6 halberd of the Trees {venom, Str+4}
 28984 | D:9      | Killed Rupert
 29132 | Orc:2    | Killed Urug
 29146 | Orc:2    | Killed Azrael
 29259 | Orc:2    | Found a staircase to the Elven Halls.
 29309 | Orc:2    | Found Ciruq's Distillery.
 29309 | Orc:2    | Found Peuskig's Weapon Boutique.
 29312 | Orc:2    | Found Wuman's Magic Scroll Emporium.
 29337 | Orc:2    | Found Penorykka's Weapon Emporium.
 29350 | Orc:2    | Bought a scroll of enchant weapon for 90 gold pieces
 29538 | Elf:1    | Entered Level 1 of the Elven Halls
 29587 | Elf:1    | Reached XP level 18. HP: 173/173 MP: 17/17
 30055 | Elf:1    | Lost mutation: You have razor-sharp toenails. [Jiyva's
                  | grace]
 30055 | Elf:1    | Lost mutation: You are covered in slimy tendrils that may
                  | disarm your opponents. [Jiyva's grace]
 30055 | Elf:1    | Lost mutation: You expend magic power (3 MP) to strengthen
                  | your wands. [Jiyva's grace]
 30055 | Elf:1    | Gained mutation: You have acidic saliva. [Jiyva's grace]
 30055 | Elf:1    | Gained mutation: You are robust. (+10% HP) [Jiyva's grace]
 30055 | Elf:1    | Gained mutation: You are very robust. (+20% HP) [Jiyva's
                  | grace]
 30055 | Elf:1    | Gained mutation: You are extremely robust. (+30% HP)
                  | [Jiyva's grace]
 30307 | Elf:1    | Paralysed by an air elemental for 1 turns
 30357 | Elf:2    | Found a huge runed translucent gate.
 30358 | Elf:2    | Found a huge runed translucent gate.
 30359 | Elf:2    | Found a huge runed translucent gate.
 30389 | Elf:2    | Found a huge runed translucent gate.
 30390 | Elf:2    | Found a huge runed translucent gate.
 31258 | Elf:3    | Entered Level 3 of the Elven Halls
 31283 | Elf:3    | Identified the amulet of Imuss {Regen+ Str+8 Int+5 Dex-2}
 31808 | Elf:3    | Found Wues's Jewellery Shop.
 31944 | Elf:3    | Reached XP level 19. HP: 237/237 MP: 18/18
 31976 | Elf:3    | Noticed a Brimstone Fiend
 32248 | Elf:3    | Identified the +2 long sword "Adonusm" {drain, rF+ rN+
                  | Dex+2}
 32251 | Elf:3    | Identified the +9 war axe "Fehul" {venom, rN+ Stlth+}
 32287 | Elf:3    | Identified the amulet of Nemywnie {Regen+ Stlth+}
 32290 | Elf:3    | Identified the ring "Qesuhes" {rC+ rN+ MP-9 Dex+3}
 32353 | Elf:3    | Identified the ring of the Marlin {rPois Slay+2}
 32388 | Elf:3    | Identified the ring of Spite {Str+3 Int+6 Dex+2}
 32394 | Elf:3    | Identified the +8 shortbow of Sequestration {freeze, rC+
                  | rN+}
 32405 | Elf:3    | Identified the ring of Rag Ipe {Ice Str+4}
 32828 | Vaults:1 | Entered Level 1 of the Vaults
 32849 | Vaults:1 | Lost mutation: You are somewhat resistant to both further
                  | mutation and mutation removal. [Jiyva's grace]
 32849 | Vaults:1 | Lost mutation: Your transparent skin significantly reduces
                  | your foes' accuracy. (Stealth+) [Jiyva's grace]
 32849 | Vaults:1 | Gained mutation: You have a somewhat thin skeletal
                  | structure. (Dex +2, Stealth+) [Jiyva's grace]
 32849 | Vaults:1 | Gained mutation: You have a moderately thin skeletal
                  | structure. (Dex +4, Stealth++) [Jiyva's grace]
 32849 | Vaults:1 | Gained mutation: You have an unnaturally thin skeletal
                  | structure. (Dex +6, Stealth+++) [Jiyva's grace]
 32849 | Vaults:1 | Lost mutation: You are somewhat resistant to further
                  | mutation. [Jiyva's grace]
 32849 | Vaults:1 | Gained mutation: You have hidden genetic potential.
                  | [Jiyva's grace]
 33050 | Vaults:1 | Found a flickering gateway to a bazaar.
 33056 | Bazaar   | Entered a bazaar
 33077 | Bazaar   | Found Pyneasielo's General Store.
 33106 | Bazaar   | Found Vomeir's Magic Scroll Emporium.
 33106 | Bazaar   | Found Sowa's Jewellery Shoppe.
 33128 | Bazaar   | Found Gapiag's Antique Weapon Shoppe.
 34048 | Vaults:2 | Noticed Bai Suzhen
 34057 | Vaults:2 | Killed Bai Suzhen
 34084 | Vaults:2 | Found a staircase to the Crypt.
 34084 | Vaults:2 | Found a basalt altar of Yredelemnul.
 34084 | Vaults:2 | Found an ancient bone altar of Kikubaaqudgha.
 34163 | Vaults:2 | Found Kuuqurph's General Store.
 34172 | Vaults:2 | Bought a +0 cloak of poison resistance for 136 gold pieces
 34360 | Vaults:2 | Found Dazo's Book Shoppe.
 34368 | Vaults:2 | Found Fiovuwet's Weapon Shoppe.
 34693 | Vaults:2 | Lost mutation: You possess an exceptional clarity of mind.
                  | [Jiyva's grace]
 34693 | Vaults:2 | Lost mutation: Your natural rate of healing is unusually
                  | fast. [Jiyva's grace]
 34693 | Vaults:2 | Lost mutation: You have hidden genetic potential. [Jiyva's
                  | grace]
 34693 | Vaults:2 | Gained mutation: You are partially covered in large bone
                  | plates. (SH +4) [Jiyva's grace]
 34693 | Vaults:2 | Gained mutation: You are mostly covered in large bone
                  | plates. (SH +6) [Jiyva's grace]
 34693 | Vaults:2 | Gained mutation: You are completely covered in large bone
                  | plates. (SH +8) [Jiyva's grace]
 34693 | Vaults:2 | Gained mutation: You have a small jelly attached to you
                  | that senses nearby items. [Jiyva's grace]
 34737 | Vaults:2 | Reached XP level 20. HP: 248/253 MP: 19/19
 35176 | Vaults:3 | Found Obbocuy's Jewellery Emporium.
 35321 | Vaults:3 | Noticed Mara
 35326 | Vaults:3 | Noticed Ychaviel's illusion
 35493 | Vaults:3 | Noticed Ychaviel's illusion
 35498 | Vaults:3 | Killed Mara
 36516 | Vaults:4 | Noticed Margery
 36526 | Vaults:4 | Killed Margery
 36625 | Vaults:4 | Reached XP level 21. HP: 266/266 MP: 20/20
 37050 | Vaults:5 | Entered Level 5 of the Vaults
 37075 | Vaults:5 | Noticed a dread lich
 37150 | Vaults:5 | Paralysed by a sphinx for 5 turns
 37157 | Vaults:5 | Paralysed by a sphinx for 5 turns
 37165 | Vaults:5 | Gained mutation: You have a pair of large horns on your
                  | head. [Jiyva's grace]
 37165 | Vaults:5 | Gained mutation: Your flesh is heat resistant. (rF+)
                  | [Jiyva's grace]
 37165 | Vaults:5 | Gained mutation: Your flesh is very heat resistant. (rF++)
                  | [Jiyva's grace]
 37165 | Vaults:5 | Gained mutation: Your flesh is almost immune to the effects
                  | of heat. (rF+++) [Jiyva's grace]
 37198 | Vaults:5 | Got a silver rune of Zot
 37214 | Vaults:5 | Noticed a dread lich
 37236 | Vaults:5 | Paralysed by a dread lich for 2 turns
 37239 | Vaults:5 | Killed a dread lich
 37245 | Vaults:5 | Noticed an ancient lich
 37245 | Vaults:5 | Noticed a golden dragon
 37245 | Vaults:5 | Noticed a golden dragon
 37250 | Vaults:5 | Found the amulet of Vitality {RegenMP++ Regen++}
 37274 | Vaults:5 | Identified the +5 chain mail of Kavvaos {rElec rPois Str+4
                  | SInv}
 37529 | Vaults:5 | Found Oriwk's Jewellery Shoppe.
 37532 | Vaults:5 | Identified the +0 buckler of Dim Light {rF- Str+4 Dex+4}
 37540 | Vaults:5 | Identified the +10 dagger "Tuxeat" {drain, rPois Str-2
                  | Dex+5}
 37541 | Vaults:5 | Identified the amulet "Hufuaq" {Faith Will+ Slay+2}
 37544 | Vaults:5 | Identified the amulet "Uddi" {Faith Contam rElec rC+
                  | Stlth+}
 37677 | Vaults:5 | Identified the ring "Leoh" {rC+ Str+2 Slay+2}
 37729 | Vaults:5 | Reached skill level 1 in Evocations
 37747 | Vaults:5 | Paralysed by a sphinx for 4 turns
 37800 | Vaults:5 | Paralysed by a sphinx for 2 turns
 37944 | Vaults:4 | Killed a golden dragon
 37997 | Vaults:5 | Killed an ancient lich
 38059 | Vaults:5 | Reached XP level 22. HP: 282/282 MP: 21/21
 38059 | Vaults:5 | Identified the +9 glaive "Paohaecieff" {antimagic, rC- rN+
                  | Dex+3}
 38266 | Vaults:5 | Killed a dread lich
 38357 | Vaults:5 | Identified the +8 sling of Wu Jian, Hurling {vorpal, Fly
                  | rPois}
 38431 | Vaults:5 | Killed a golden dragon
 38487 | Vaults:5 | Reached skill level 5 in Evocations
 38579 | Vaults:5 | Identified the +2 leather armour "Xiva" {Int+5}
 38580 | Vaults:5 | Identified the +0 chain mail "Myecvunol" {rC- Will++ Dex+4}
 38830 | Vaults:5 | Noticed Boris
 38842 | Vaults:5 | Killed Boris
 38866 | Vaults:5 | Got the Textbook on Cunning Feathers
 39318 | D:15     | Entered Level 15 of the Dungeon
 39559 | D:15     | Noticed Jorgrun
 39561 | D:15     | Found a staircase to the Depths.
 39594 | D:15     | Killed Jorgrun
 39711 | D:15     | Found a blossoming altar of Fedhas.
 39949 | D:15     | Lost mutation: You have sharp toenails. [Jiyva's grace]
 39949 | D:15     | Lost mutation: You have an unnaturally thin skeletal
                  | structure. (Dex +6, Stealth+++) [Jiyva's grace]
 39949 | D:15     | Lost mutation: Your system is resistant to poisons. (rPois)
                  | [Jiyva's grace]
 39949 | D:15     | Lost mutation: Your translucent skin reduces your foes'
                  | accuracy. (Stealth+) [Jiyva's grace]
 39949 | D:15     | Gained mutation: Your system is resistant to poisons.
                  | (rPois) [Jiyva's grace]
 39949 | D:15     | Gained mutation: You have sharp toenails. [Jiyva's grace]
 39949 | D:15     | Gained mutation: You have razor-sharp toenails. [Jiyva's
                  | grace]
 39949 | D:15     | Gained mutation: You have claws for feet. [Jiyva's grace]
 40181 | Depths:1 | Entered Level 1 of the Depths
 40456 | Depths:1 | Found a gateway to Hell.
 40501 | Depths:1 | Found a one-way gate leading to the halls of Pandemonium.
 40563 | Depths:1 | Identified the +7 executioner's axe of Division {distort,
                  | rPois}
 40723 | Depths:1 | Found a runed translucent gate.
 40724 | Depths:1 | Found a runed translucent gate.
 40725 | Depths:1 | Found a runed translucent gate.
 40727 | Depths:1 | Noticed Icepheonix32's ghost (adept MiFi)
 41384 | Depths:1 | Killed Icepheonix32's ghost
 41416 | Depths:1 | Identified the +1 pair of boots "Muliaq" {Int+3}
 41447 | Depths:2 | Found a one-way gateway to a ziggurat.
 41498 | Depths:2 | Reached XP level 23. HP: 297/297 MP: 22/22
 41793 | Depths:2 | Identified the +0 leather armour of Zaefefoq {rF+}
 41808 | Depths:2 | Found a basalt altar of Yredelemnul.
 41809 | Depths:2 | Found a glowing silver altar of Zin.
 41809 | Depths:2 | Found a radiant altar of Vehumet.
 41809 | Depths:2 | Found a snail-covered altar of Cheibriados.
 41910 | Depths:2 | Lost mutation: You have claws for feet. [Jiyva's grace]
 41910 | Depths:2 | Lost mutation: You have razor-sharp toenails. [Jiyva's
                  | grace]
 41910 | Depths:2 | Lost mutation: You are completely covered in large bone
                  | plates. (SH +8) [Jiyva's grace]
 41910 | Depths:2 | Lost mutation: You have a moderately thin skeletal
                  | structure. (Dex +4, Stealth++) [Jiyva's grace]
 41910 | Depths:2 | Lost mutation: Your flesh is almost immune to the effects
                  | of heat. (rF+++) [Jiyva's grace]
 41910 | Depths:2 | Lost mutation: You have acidic saliva. [Jiyva's grace]
 41910 | Depths:2 | Lost mutation: Your translucent skin slightly reduces your
                  | foes' accuracy. (Stealth+) [Jiyva's grace]
 41910 | Depths:2 | Gained mutation: Your body has grown eyes which may confuse
                  | attackers. (Acc +3) [Jiyva's grace]
 41910 | Depths:2 | Gained mutation: Your body has grown many eyes which may
                  | confuse attackers. (Acc +5) [Jiyva's grace]
 41910 | Depths:2 | Gained mutation: Your body is covered in eyes which may
                  | confuse attackers. (Acc +7, SInv) [Jiyva's grace]
 41910 | Depths:2 | Gained mutation: Your spells are a little harder to cast,
                  | but a little more powerful. [Jiyva's grace]
 43210 | Depths:3 | Found a runed translucent door.
 43210 | Depths:3 | Noticed Fetsak's ghost (adept MiBe)
 43345 | Depths:3 | Found a one-way gate to the infinite horrors of the Abyss.
 43346 | Depths:3 | Lost mutation: You are mostly covered in large bone plates.
                  | (SH +6) [Jiyva's grace]
 43346 | Depths:3 | Lost mutation: You have a somewhat thin skeletal structure.
                  | (Dex +2, Stealth+) [Jiyva's grace]
 43346 | Depths:3 | Lost mutation: Your spells are a little harder to cast, but
                  | a little more powerful. [Jiyva's grace]
 43346 | Depths:3 | Lost mutation: Your body is covered in eyes which may
                  | confuse attackers. (Acc +7, SInv) [Jiyva's grace]
 43346 | Depths:3 | Gained mutation: You are somewhat resistant to further
                  | mutation. [Jiyva's grace]
 43346 | Depths:3 | Gained mutation: You are somewhat resistant to both further
                  | mutation and mutation removal. [Jiyva's grace]
 43346 | Depths:3 | Gained mutation: You are almost entirely resistant to
                  | further mutation and mutation removal. [Jiyva's grace]
 43346 | Depths:3 | Gained mutation: You have a small jelly attached to you
                  | that may absorb projectiles. [Jiyva's grace]
 43825 | Depths:3 | Noticed a juggernaut
 43828 | Depths:3 | Noticed a caustic shrike
 43843 | Depths:3 | Killed a caustic shrike
 43856 | Depths:3 | Killed a juggernaut
 43993 | Depths:3 | Reached XP level 24. HP: 284/312 MP: 22/22
 44123 | Depths:3 | Reached skill level 10 in Evocations
 44389 | Depths:3 | Killed Fetsak's ghost
 44431 | Depths:4 | Entered Level 4 of the Depths
 44590 | Depths:4 | Noticed a juggernaut
 44601 | Depths:4 | Killed a juggernaut
 44774 | Depths:4 | Found a gate to the Realm of Zot.
 44910 | Depths:4 | Found a white marble altar of Elyvilon.
 45506 | Zot:1    | Entered Level 1 of the Realm of Zot
 45739 | Zot:1    | Lost mutation: You have a pair of large horns on your head.
                  | [Jiyva's grace]
 45739 | Zot:1    | Lost mutation: You have sharp toenails. [Jiyva's grace]
 45739 | Zot:1    | Lost mutation: Your flesh is very heat resistant. (rF++)
                  | [Jiyva's grace]
 45739 | Zot:1    | Lost mutation: You are extremely robust. (+30% HP) [Jiyva's
                  | grace]
 45739 | Zot:1    | Lost mutation: You are very robust. (+20% HP) [Jiyva's
                  | grace]
 45739 | Zot:1    | Lost mutation: Your body has grown many eyes which may
                  | confuse attackers. (Acc +5) [Jiyva's grace]
 45739 | Zot:1    | Lost mutation: Your body has grown eyes which may confuse
                  | attackers. (Acc +3) [Jiyva's grace]
 45739 | Zot:1    | Gained mutation: Your rubbery body absorbs attacks. (AC +1,
                  | EV +1) [Jiyva's grace]
 45739 | Zot:1    | Gained mutation: Your pliable body absorbs attacks. (AC +2,
                  | EV +2) [Jiyva's grace]
 45739 | Zot:1    | Gained mutation: Your gelatinous body deflects attacks. (AC
                  | +3, EV +3) [Jiyva's grace]
 45739 | Zot:1    | Gained mutation: Your translucent skin slightly reduces
                  | your foes' accuracy. (Stealth+) [Jiyva's grace]
 45829 | Zot:1    | Found a transporter.
 45913 | Zot:1    | Found a transporter.
 46126 | Zot:1    | Lost intelligence.
 46142 | Zot:1    | Lost mutation: You are robust. (+10% HP) [mutagenic glow]
 46201 | Zot:1    | Identified the ring of Eternal Harmony {rPois Str+2 Dex+6}
 46209 | Zot:1    | Identified the ring "Kasaj" {rPois rC+ Str+4}
 47087 | Zot:3    | Lost mutation: Your flesh is heat resistant. (rF+) [Jiyva's
                  | grace]
 47087 | Zot:3    | Lost mutation: You are almost entirely resistant to further
                  | mutation and mutation removal. [Jiyva's grace]
 47087 | Zot:3    | Lost mutation: Your system is resistant to poisons. (rPois)
                  | [Jiyva's grace]
 47087 | Zot:3    | Lost mutation: Your gelatinous body deflects attacks. (AC
                  | +3, EV +3) [Jiyva's grace]
 47087 | Zot:3    | Lost mutation: You have a small jelly attached to you that
                  | senses nearby items. [Jiyva's grace]
 47087 | Zot:3    | Gained mutation: Your spells are a little harder to cast,
                  | but a little more powerful. [Jiyva's grace]
 47087 | Zot:3    | Gained mutation: Your spells are harder to cast, but more
                  | powerful. [Jiyva's grace]
 47087 | Zot:3    | Gained mutation: Your spells are much harder to cast, but
                  | much more powerful. [Jiyva's grace]
 47087 | Zot:3    | Gained mutation: You are agile. (Dex +4, Str/Int -1)
                  | [Jiyva's grace]
 47134 | Zot:3    | Reached XP level 25. HP: 250/253 MP: 22/22
 47169 | Zot:3    | You fall into a shaft and drop 1 floor!
 47181 | Zot:4    | Noticed a Killer Klown
 47231 | Zot:4    | Noticed a Killer Klown
 47262 | Zot:4    | Killed a Killer Klown
 47279 | Zot:4    | Killed a Killer Klown
 47689 | Zot:4    | Noticed Grunn
 47711 | Zot:4    | Killed Grunn
 47763 | Zot:4    | HP: 16/382 [???[a doom hound] (14)]
 47764 | Zot:4    | HP: 7/255 [???[a doom hound] (5)]
 47767 | Zot:5    | Entered Level 5 of the Realm of Zot
 48232 | Zot:4    | Identified the ring "Tuant" {Contam rF+ MP+9 Int+6}
 48589 | Zot:3    | Found the +4 dragonskin cloak
 48589 | Zot:3    | Noticed Tiamat
 48633 | Zot:3    | Killed Tiamat
 49168 | Crypt:1  | Entered Level 1 of the Crypt
 49195 | Crypt:1  | Identified the +4 ring mail of Jiusiyve {Rampage Str+3}
 49268 | Crypt:1  | Reached skill level 27 in Armour
 49356 | Crypt:1  | Lost mutation: You are agile. (Dex +4, Str/Int -1) [Jiyva's
                  | grace]
 49356 | Crypt:1  | Lost mutation: Your spells are much harder to cast, but
                  | much more powerful. [Jiyva's grace]
 49356 | Crypt:1  | Lost mutation: Your pliable body absorbs attacks. (AC +2,
                  | EV +2) [Jiyva's grace]
 49356 | Crypt:1  | Gained mutation: You have sharp fingernails. [Jiyva's
                  | grace]
 49356 | Crypt:1  | Gained mutation: You have very sharp fingernails. [Jiyva's
                  | grace]
 49356 | Crypt:1  | Gained mutation: You have claws for hands. [Jiyva's grace]
 49356 | Crypt:1  | Lost mutation: Your translucent skin slightly reduces your
                  | foes' accuracy. (Stealth+) [Jiyva's grace]
 49356 | Crypt:1  | Gained mutation: Your skin changes colour to match your
                  | surroundings (Stealth+). [Jiyva's grace]
 49389 | Crypt:1  | Reached skill level 27 in Fighting
 49402 | Crypt:1  | Noticed Saint Roka
 49437 | Crypt:1  | Killed Saint Roka
 49689 | Crypt:1  | Found an ancient bone altar of Kikubaaqudgha.
 50671 | Crypt:2  | Found a runed translucent gate.
 50671 | Crypt:2  | Found a runed translucent gate.
 50671 | Crypt:2  | Found a runed translucent gate.
 50673 | Crypt:2  | Noticed Zoalos's ghost (veteran GrEE)
 50674 | Crypt:2  | Noticed Sojobo
 50685 | Crypt:2  | Killed Sojobo
 50686 | Crypt:2  | Reached XP level 26. HP: 250/266 MP: 22/22
 51389 | Crypt:2  | Killed Zoalos's ghost
 51403 | Crypt:2  | Acquired a manual of Maces & Flails
 51436 | Crypt:3  | Entered Level 3 of the Crypt
 52511 | Crypt:3  | Found a staircase to the Tomb.
 52701 | Crypt:3  | Lost mutation: Your skin changes colour to match your
                  | surroundings (Stealth+). [Jiyva's grace]
 52701 | Crypt:3  | Gained mutation: Armour fits poorly on your pseudopods.
                  | [Jiyva's grace]
 52701 | Crypt:3  | Gained mutation: Armour fits poorly on your large
                  | pseudopods. [Jiyva's grace]
 52701 | Crypt:3  | Gained mutation: Armour fits poorly on your massive
                  | pseudopods. [Jiyva's grace]
 52701 | Crypt:3  | Gained mutation: Your translucent skin slightly reduces
                  | your foes' accuracy. (Stealth+) [Jiyva's grace]
 52743 | Crypt:3  | Found an ancient bone altar of Kikubaaqudgha.
 52748 | Crypt:3  | Identified the +9 rapier "Lioh Kon" {flame, Str+3 Dex+2}
 52763 | Crypt:3  | Identified the +11 hand axe of Ynnogul {vamp, +Blink Fly
                  | rF+ MP-9}
 52917 | Crypt:3  | Identified the ring of Gozag, Glimmering {rN+ Int+4 Dex+3
                  | SInv}
 52986 | Crypt:3  | Found a basalt altar of Yredelemnul.
 52998 | Crypt:3  | Identified the ring of Suspected Treachery {rPois rN+ Will-
                  | rCorr Str+4}
 52998 | Crypt:3  | Identified the ring of the Moon {Drain rElec rN+ rCorr
                  | Dex+4}
 53341 | Tomb:1   | Entered Level 1 of the Tomb of the Ancients
 53609 | Tomb:1   | Noticed a royal mummy
 53627 | Tomb:1   | Noticed a royal mummy
 53633 | Tomb:1   | Noticed a royal mummy
 53642 | Tomb:1   | Killed a royal mummy
 53652 | Tomb:1   | Killed a royal mummy
 53726 | Tomb:1   | Noticed a royal mummy
 53743 | Tomb:1   | Killed a royal mummy
 53754 | Tomb:1   | Noticed a royal mummy
 53782 | Tomb:1   | Killed a royal mummy
 53818 | Tomb:1   | Noticed a royal mummy
 53828 | Tomb:1   | Killed a royal mummy
 53829 | Tomb:1   | Noticed a royal mummy
 53831 | Tomb:1   | Noticed a royal mummy
 53831 | Tomb:1   | Noticed a royal mummy
 53835 | Tomb:1   | Killed a royal mummy
 53835 | Tomb:1   | Noticed a dread lich
 53836 | Tomb:1   | Noticed a royal mummy
 53840 | Tomb:1   | Killed a royal mummy
 53881 | Tomb:1   | Killed a royal mummy
 54277 | Depths:4 | Voluntarily entered the Abyss.
 54770 | Abyss:2  | Paralysed by accursed screaming for 2 turns
 54786 | Abyss:3  | Lost mutation: You have claws for hands. [Jiyva's grace]
 54786 | Abyss:3  | Lost mutation: You have very sharp fingernails. [Jiyva's
                  | grace]
 54786 | Abyss:3  | Lost mutation: You have sharp fingernails. [Jiyva's grace]
 54786 | Abyss:3  | Lost mutation: Your rubbery body absorbs attacks. (AC +1,
                  | EV +1) [Jiyva's grace]
 54786 | Abyss:3  | Lost mutation: Armour fits poorly on your massive
                  | pseudopods. [Jiyva's grace]
 54786 | Abyss:3  | Lost mutation: You have a small jelly attached to you that
                  | may absorb projectiles. [Jiyva's grace]
 54786 | Abyss:3  | Gained mutation: You have a small jelly attached to you
                  | that senses nearby items. [Jiyva's grace]
 54786 | Abyss:3  | Gained mutation: Armour fits poorly on your massive
                  | pseudopods. [Jiyva's grace]
 54786 | Abyss:3  | Gained mutation: You are covered in slimy tendrils that may
                  | disarm your opponents. [Jiyva's grace]
 54786 | Abyss:3  | Gained mutation: Your system is resistant to poisons.
                  | (rPois) [Jiyva's grace]
 54788 | Abyss:3  | Found a corrupted altar of Lugonu.
 54948 | Abyss:3  | Reached XP level 27. HP: 273/273 MP: 13/22
 54985 | Abyss:3  | Noticed an ancient lich
 54995 | Abyss:3  | Killed an ancient lich
 55148 | Abyss:3  | Got an abyssal rune of Zot
 55162 | Abyss:3  | Paralysed by accursed screaming for 1 turns
 55203 | Abyss:3  | Paralysed by accursed screaming for 1 turns
 55240 | Depths:4 | Escaped the Abyss
 55337 | Hell     | Entered the Vestibule of Hell
 55337 | Hell     | Noticed Geryon
 55381 | Hell     | Killed Geryon
 55413 | Hell     | Found a gateway to the ashen valley of Gehenna.
 55622 | Hell     | Found a gateway to the decaying netherworld of Tartarus.
 55766 | Hell     | Found a gateway to the freezing wastes of Cocytus.
 55929 | Hell     | Found a gateway to the Iron City of Dis.
 56004 | Dis:1    | Entered Level 1 of the Iron City of Dis
 56322 | Dis:3    | Reached skill level 27 in Dodging
 56610 | Dis:4    | Lost mutation: You are covered in slimy tendrils that may
                  | disarm your opponents. [Jiyva's grace]
 56610 | Dis:4    | Lost mutation: Your melee attacks may engulf your foes in
                  | ooze. [Jiyva's grace]
 56610 | Dis:4    | Gained mutation: You have sharp toenails. [Jiyva's grace]
 56610 | Dis:4    | Gained mutation: You have razor-sharp toenails. [Jiyva's
                  | grace]
 56610 | Dis:4    | Gained mutation: You have claws for feet. [Jiyva's grace]
 56610 | Dis:4    | Gained mutation: You are almost entirely resistant to
                  | further mutation and mutation removal. [Jiyva's grace]
 56610 | Dis:4    | You fall into a shaft and drop 2 floors!
 57324 | Dis:4    | Killed from afar by a war gargoyle

Illustrated notes

Levels and vault maps discovered:
D:1:      wander_arrival_peaceful_grave, layout_rooms,
          shapermc_ecumenical_altar_flowoftime
D:2:      layout_basic, serial_shops, nicolae_shop_crystal, minivault_25,
          serial_park_tiny_pond
D:3:      layout_basic, slow_altar_2, amcnicky_mini_pool_small
D:4:      minmay_opposing_rooms, layout_basic, nicolae_uskayaw_suspiria,
          mainiacjoe_overflow_24_doors, minmay_temple_entry_proselytizer,
          moated_statue, nzn_random_ring
D:5:      layout_loops_ring, grunt_gozag_statues, xom_butterflies,
          minmay_manual_mess
D:6:      layout_loops_corners, serial_shops, kennysheep_little_box,
          grunt_ministairs_4, reono_crystal_passage, nicolae_shop_fire_sale
          [nicolae_sub_dead_trees], uniq_menkaure
D:7:      layout_basic, okawaru_trees_2, lemuel_blue_sif_altar,
          mainiacjoe_overflow_alcove_1, patterned_corridor
D:8:      layout_rooms, mainiacjoe_overflow_cross_hatched
D:9:      layout_long_grid, zombieorc2_lemuel, minmay_misc_feat_nine_boxes
D:10:     layout_loops_ring, lightli_temple_of_fire,
          mainiacjoe_overflow_alcove_3
D:11:     layout_basic, dpeg_lair_monsters, trove_entry_hex_spiral
D:12:     layout_basic
D:13:     layout_stronghold, gauntlet_entry_generic, nicolae_lava_and_water,
          nicolae_wwwww
D:14:     layout_cave_pools, skrybe_vaults_entry_preservation,
          gammafunk_ghost_stat_death
D:15:     gammafunk_depths_entry_grave, layout_basic, fedhas_altar_1,
          uniq_jorgrun
Temple:   nicolae_temple_godpark
Lair:1:   layout_chaotic_city, uniq_erica, uniq_amaemon
Lair:2:   layout_chaotic_city, dummy_spider_entry, grunt_megastairs_4
Lair:3:   layout_gridlike, minmay_shoals_entry_lonely_mermaid
Lair:4:   layout_misc_corridors, slime_entry_1, minmay_holes, minivault_24,
          serial_bayou_lake_a, infiniplex_staircase_pool_2
Lair:5:   minmay_lair_end_frog_pond, layout_long_grid
Shoals:1: layout_shoals, nzn_prometheus_bound
Shoals:2: layout_shoals, nicolae_shoals_enchanted_isle
Shoals:3: layout_shoals
Shoals:4: shoals_end_grunt_ice, layout_shoals, serial_shops, nicolae_shop_trees,
          nicolae_shoals_spectral_cove, uniq_louise
Spider:1: layout_spider_delve
Spider:2: layout_spider_delve, hive_lemuel, uniq_arachne
Spider:3: layout_cave_pods, hellmonk_ghost_happy_afterlife,
          hangedman_spider_tarantella_strand
Spider:4: johnstein_spider_rune_arachne_lair
Slime:1:  layout_caves
Slime:2:  layout_caves
Slime:3:  layout_caves
Slime:4:  layout_caves
Slime:5
Orc:1:    layout_caves, uniq_josephine
Orc:2:    st_orc_elflike, layout_caves, uniq_rupert, uniq_azrael, uniq_urug
Elf:1:    kennysheep_blocky_hall, layout_geoelf_diagonals,
          hangedman_corner_corridor
Elf:2:    elven_hall_of_blades_hangedman_alternative
          [mumra_blade_entry_bloodbath], layout_geoelf_octagon, evilmike_ambush
          [evilmike_ambush_outer_corners, evilmike_ambush_inner_basic]
Elf:3:    minmay_elf_hall_x, layout_loops_corners, serial_shops,
          nicolae_shop_trees
Vaults:1: vaults_dpeg_diagonal, ontoclasm_vaults_chip, vaults_room_corners,
          nicolae_vaults_ring_of_whatevers, vaults_room_stairs_pillars,
          vaults_standard_mumra_lines, layout_vaults_big_room, serial_shops,
          bzr_entry_gold
Vaults:2: hangedman_vaults_capsules, v_pattern_4, hangedman_vaults_slice,
          dpeg_vaults_monster_row, st_cross, minmay_crypt_entry_necro_gods,
          nicolae_vaults_rhombus_6, hangedman_vaults_slice, vaults_dpeg_ring,
          nicolae_vaults_hallways_thing, vaults_room_grunt_arrival_checkpoint,
          vaults_room_mumra_shop_pool, layout_vaults_ring, serial_shops, shop,
          shop, uniq_bai_suzhen
Vaults:3: v_misc_1, nicolae_vaults_network_square, hangedman_vaults_stitches,
          vaults_dpeg_doors, v_misc_13, vaults_dpeg_cross,
          vaults_room_semicircle, v_misc_10, vaults_room_semicircle,
          nicolae_vaults_border_crossing, layout_vaults_omnicross, serial_shops,
          shop, uniq_mara
Vaults:4: hangedman_vaults_stream, nicolae_vaults_little_ls, v_misc_26,
          vaults_mumra_hexcomb, v_pattern_2, hangedman_vaults_snaps, kb_rosetta,
          grunt_vaults_swirl, vaults_room_semicircle, layout_vaults_maze,
          uniq_margery
Vaults:5: serial_shops, uniq_boris
Crypt:1:  layout_catacombs, basic_altar, grunt_crypt_arrival_split,
          uniq_saint_roka
Crypt:2:  layout_chaotic_city, gammafunk_ghost_spectres, uniq_sojobo
Crypt:3:  lightli_unholy_cathedral, layout_chaotic_city,
          tomb_entry_pyramid_bobbens
Tomb:1
Depths:1: layout_gridville, lightli_too_deep, gammafunk_ghost_tricky_traps,
          rand_demon_pan_entry_3, kennysheep_generic_room_5
Depths:2: minmay_the_grid_octo_tiled_octocenter
          [minmay_the_grid_octo_tetromino_candy,
          minmay_the_grid_octo_checkerflower, minmay_the_grid_octo_shrine,
          minmay_the_grid_octo_focus,
          minmay_the_grid_octo_prize_square_snowflake,
          minmay_the_grid_square_5x5_detours, minmay_the_grid_square_5x5_fat_x,
          minmay_the_grid_square_5x5_three, minmay_the_grid_square_5x5_dogpile],
          layout_cave_shapes, enter_ziggurat_d, grunt_pan_entry_sceptre,
          dk_noncrumbling_3, grunt_hell_entry_dis_grunt
Depths:3: grunt_twisty_corner, layout_honeycomb, grunt_pan_entry_spiral,
          hell_entry, gammafunk_ghost_grave, minmay_misc_feat_rows,
          hangedman_abyss_entry_splay, kennysheep_nondescript,
          infiniplex_staircase_spiral_double
Depths:4: grunt_x_marks_the_spot, layout_gridlike, hangedman_tar_grid_catacomb,
          elyvilon_altar_5, abyss_entry_small_statue_room
Hell
Dis:1:    layout_subdivisions
Dis:2:    layout_regular_city
Dis:3:    layout_regular_city, hangedman_dis_chains
Dis:4:    nicolae_dis_pentagon_2, layout_jigsaw, nicolae_hells_hurtin_island
Dis:6:    layout_jigsaw
Zot:1:    gammafunk_its_a_trap, layout_misc_corridors
Zot:2:    layout_gridlike
Zot:3:    layout_gridville, uniq_tiamat
Zot:4:    grunt_zot_stairs_overgrown, layout_onion_interference,
          st_small_dragon_hoard_5, uniq_grunn
Zot:5:    layout_gridlike, grunt_ministairs_3, st_stairs_1

Skill      XL: |  1  2  3  4  5  6  7  8  9 10 11 12 13 14 15 16 17 18 19 20 21 22 23 24 25 26 27 |
---------------+----------------------------------------------------------------------------------+-----
Maces & Flails | 3 4 5 7 9 11 12 14 15 16 21 24 | 24.0
Dodging        | 1 2 3 4 5 6 8 10 11 12 13 14 15 17 18 19 20 21 22 24 25 26 27 | 27.0
Shields        | 4 5 8 10 11 12 15 16 18 20 22 23 24 | 24.4
Fighting       | 4 5 7 8 9 11 12 14 15 16 17 18 19 20 21 22 23 24 26 27 | 27.0
Armour         | 4 5 7 8 10 11 13 14 15 16 17 18 19 20 21 22 23 25 26 27 | 27.0
Throwing       | 5 7 |  7.3
Evocations     | 3 7 9 11 13 14 | 14.6

Action                   |  1- 3 |  4- 6 |  7- 9 | 10-12 | 13-15 | 16-18 | 19-21 | 22-24 | 25-27 || total
-------------------------+-------+-------+-------+-------+-------+-------+-------+-------+-------++-------
Melee: Flail             |    17 |       |       |       |       |       |       |       |       ||    17
       Headbutt          |    12 |    23 |    61 |   183 |   238 |   286 |   544 |   744 |   969 ||  3060
       Whip              |    57 |   184 |   324 |   582 |       |       |       |       |       ||  1147
       Morningstar       |       |       |       |   131 |   964 |   492 |       |       |       ||  1587
       Kick              |       |       |       |       |    34 |   263 |       |   261 |   163 ||   721
       Eveningstar       |       |       |       |       |       |   709 |  1594 |  1994 |  2440 ||  6737
       Bite              |       |       |       |       |       |    44 |   320 |   177 |       ||   541
       Pseudopods        |       |       |       |       |       |       |       |       |   416 ||   416
       Unarmed           |       |       |       |       |       |       |       |       |    16 ||    16
Throw: Boomerang         |       |       |       |       |     4 |    25 |       |     6 |       ||    35
  Use: Scroll            |       |     2 |    12 |    14 |     6 |     7 |    15 |     4 |     9 ||    69
       Potion            |       |       |       |     5 |     3 |     2 |     7 |       |    13 ||    30
 Stab: Distracted        |       |       |       |       |       |     2 |     2 |     1 |     1 ||     6
       Sleeping          |       |       |       |       |       |       |     5 |     1 |       ||     6
       Invisible         |       |       |       |       |       |       |     1 |       |       ||     1
       Confused          |       |       |       |       |       |       |       |    25 |     5 ||    30
Armor: Scale mail        |    34 |    13 |       |       |       |       |       |       |       ||    47
       Chain mail        |       |    85 |    98 |   190 |   287 |   392 |    68 |       |       ||  1120
       Storm dragon scal |       |       |       |       |       |       |   262 |   510 |   559 ||  1331
Dodge: Dodged            |    28 |    73 |    98 |   319 |   630 |  1288 |   884 |  1051 |  1432 ||  5803
Block: Buckler           |    16 |    37 |    55 |    25 |       |       |       |       |       ||   133
       Kite shield       |       |       |       |   221 |   666 |   682 |       |       |       ||  1569
       Tower shield      |       |       |       |       |       |   733 |  2073 |  2654 |  3602 ||  9062
